 Dungeon Crawl Stone Soup version 0.30.0-5-g1a98f26d00 (webtiles) character file.

Game seed: 6290918761888826662

8257 Esekla the Spear-Bearer (level 11, 0/90 HPs)
             Began as a Barachi Wanderer on May 9, 2023.
             Was a Believer of Ashenzari.
             Slain by a troll (1 damage)
             ... on level 11 of the Dungeon.
             The game lasted 01:02:08 (14466 turns).

Esekla the Spear-Bearer (Barachi Wanderer)         Turns: 14466, Time: 01:02:09

Health: 0/90       AC:  9    Str: 15    XL:     11   Next: 28%
Magic:  10/15      EV: 13    Int: 23    God:    Ashenzari [**....]
Gold:   430        SH:  5    Dex: 12    Spells: 8/16 levels left

rFire   + . .        a - +4 trident of the Shattered Secrets {holy, Int+2, Melee, Elem} (curse)
rCold   . . .        u - +0 buckler
rNeg    . . .        i - +2 robe of the Lashed Empyrean {rF+, Bglg, Elem} (curse)
rPois   .            w - +0 helmet
rElec   .            s - +0 cloak
rCorr   .            (no gloves)
SInv    +            l - +2 pair of boots "Seeker of Ashenzari" {Melee, Elem} (curse)
Will    .....        (no amulet)
Stlth   ++           E - +6 ring of intelligence
HPRegen 0.35/turn    (no ring)
MPRegen 0.14/turn

%: no passive effects
@: unable to hop, slow
A: amphibious, slowness 1, strong legs 1, +LOS
a: Hop, Renounce Religion, Shatter the Chains


You were on level 11 of the Dungeon.
You worshipped Ashenzari.
Ashenzari was pleased with you.
You visited 3 branches of the dungeon, and saw 13 of its levels.

You collected 574 gold pieces.
You spent 144 gold pieces at shops.

Inventory:

Hand Weapons
 a - the cursed +4 trident of the Shattered Secrets (weapon) {holy, Int+2, Melee, Elem}
   (You found it on level 2 of the Dungeon)

   Int:       It affects your intelligence (+2).
   It has a curse which improves the following skills: Melee Combat: Short
   Blades, Long Blades, Axes, Maces & Flails, Polearms, Staves and Unarmed
   Combat.
   Elements:  Fire Magic, Ice Magic, Air Magic and Earth Magic.
Missiles
 m - 5 poisoned darts
 o - 8 boomerangs
 v - 4 silver boomerangs
 y - 4 curare-tipped darts (quivered)
 D - 3 throwing nets
Armour
 i - the cursed +2 robe of the Lashed Empyrean (worn) {rF+, Bglg, Elem}
   (You found it on level 6 of the Dungeon)

   It has a curse which improves the following skills: Beguiling: Conjurations,
   Hexes and Translocations.
   Elements:  Fire Magic, Ice Magic, Air Magic and Earth Magic.
 l - the cursed +2 pair of boots "Seeker of Ashenzari" (worn) {Melee, Elem}
   (You found it on level 2 of the Dungeon)

   It has a curse which improves the following skills: Melee Combat: Short
   Blades, Long Blades, Axes, Maces & Flails, Polearms, Staves and Unarmed
   Combat.
   Elements:  Fire Magic, Ice Magic, Air Magic and Earth Magic.
 s - a +0 cloak (worn)
 u - a +0 buckler (worn)
 w - a +0 helmet (worn)
Jewellery
 h - a ring of protection from fire
 E - a +6 ring of intelligence (left hand)
Wands
 C - a wand of iceblast (6)
Scrolls
 c - 2 scrolls of magic mapping
 d - 4 scrolls of amnesia
 e - 3 scrolls of enchant armour
 f - 2 scrolls of enchant weapon
 j - a scroll of brand weapon
 k - 3 scrolls of silence
 r - a scroll of blinking
 A - a scroll of fear
 B - 2 scrolls of teleportation
Potions
 b - 3 potions of curing
 g - a potion of might
 n - 2 potions of mutation
 p - 2 potions of haste
 q - 3 potions of brilliance
 t - a potion of cancellation
 x - a potion of attraction
 z - a potion of flight


   Skills:
 * Level 9.6 Fighting
 * Level 9.7(11.4) Polearms
 + Level 3.5 Throwing
 + Level 2.6 Armour
 + Level 5.5 Dodging
 + Level 4.1 Stealth
 + Level 5.4 Shields
 * Level 3.1 Spellcasting
 + Level 6.8(8.0) Conjurations
 + Level 4.0(5.0) Translocations


You had 8 spell levels left.
You knew the following spells:

 Your Spells              Type           Power      Damage    Failure   Level
b - Blink                 Tloc           54%        N/A       2%          2
e - Searing Ray           Conj           80%        2d7       1%          2
h - Vhi's Electric Charg  Tloc/Air       32%        N/A       14%         3
p - Apportation           Tloc           54%        N/A       1%          1

Your spell library contained the following spells:

 Spells                   Type           Power      Damage    Failure   Level
 Magic Dart               Conj           100%       1d8       1%          1
 Momentum Strike          Conj/Tloc      66%        3d9       1%          2
 Kiss of Death            Conj/Necr      88%        2d12      2%          1
 Static Discharge         Conj/Air       44%        2-4/arc   4%          2
 Iskenderun's Mystic Bla  Conj/Tloc      33%        2d8       10%         4
 Necrotise                Necr           12%        1d4       14%         1
 Summon Small Mammal      Summ           12%        N/A       14%         1
 Volatile Blastmotes      Fire/Tloc      32%        2d12      14%         3
 Passage of Golubria      Tloc           27%        N/A       19%         4
 Fulminant Prism          Conj/Hex       11%        3d9       26%         4
 Confusing Touch          Hex            4%         N/A       38%         3
 Tukima's Dance           Hex            4%         N/A       38%         3
 Arcjolt                  Conj/Air       11%        1d21      58%         5
 Airstrike                Air            2%         2d(1-17)  78%         4
 Summon Lightning Spire   Summ/Air       4%         N/A       80%         4
 Dispel Undead            Necr           3%         3d7       82%         4
 Lee's Rapid Deconstruct  Erth           2%         3d5*      98%         5
 Yara's Violent Unravell  Hex/Tmut       1%         3d3       98%         5
 Maxwell's Capacitive Co  Air            2%         ∞         100%        8


Dungeon Overview and Level Annotations

Branches:
Dungeon (11/15)            Temple (1/1) D:4            Lair (1/5) D:8
    Orc: D:9-12

Altars:
Ashenzari
Elyvilon
Fedhas
Hepliaklqana
Kikubaaqudgha
Makhleb
Nemelex Xobeh
Okawaru
Qazlal
Ru
Sif Muna
Trog
Uskayaw
Vehumet
Wu Jian
Xom
The Shining One

Shops:
D:4 :   D:6 !

Annotations:
D:4 ogre
D:5 Edmund
Lair:1 exclusion: oklob plant


Innate Abilities, Weirdness & Mutations

You are amphibious.
You cover ground slowly.
You can hop short distances.
You have an extended range of vision and can be seen from far away.


Message History

The troll is almost dead.
The troll bites you! The troll claws you. The troll misses you.
You barely miss the troll.
The troll is almost dead.
The troll bites you! The troll claws you!
* * * LOW HITPOINT WARNING * * *
The troll misses you.
You completely miss the troll.
The troll is almost dead.
The troll bites you.
* * * LOW HITPOINT WARNING * * *
The troll claws you.
* * * LOW HITPOINT WARNING * * *
The troll claws you.
* * * LOW HITPOINT WARNING * * *
You barely miss the troll.
The troll is almost dead.
The troll bites you but does no damage. The troll claws you but does no damage.
You block the troll's attack.
You hit the troll but do no damage.
The troll is severely wounded.
Casting: Apportation (safe; 1% risk of failure)
Confirm with . or Enter, or press ? or * to list all spells.
You blink.
Hop to where?
Press: ? - help, Dir - move target Boing!
Casting: Blink (safe; 2% risk of failure)
Confirm with . or Enter, or press ? or * to list all spells.
Charge where?
Press: ? - help, Dir - move target, f - troll
Aim: a troll (sparse dust, severely wounded, 83% to hit)
You charge forward with an electric crackle!
You barely miss the troll.
The troll is severely wounded.
You feel stable enough to blink again. The troll misses you.
The troll claws you!
* * * LOW HITPOINT WARNING * * *
The troll barely misses you. x2; The troll claws you.
You die...

#....# ###### , , *,
###+#### #......#
###### #......#
.....########....§§#
####......?.#..T@..#
########.'......#
###§.....# #......#
#......# #......#
########


You could see a troll.

Vanquished Creatures
  3 two-headed ogres
  Pikel (D:8)
  A manticore (D:11)
  An unseen horror (D:10)
  Psyche (D:9)
  2 komodo dragons
  Prince Ribbit (D:7)
  A troll (D:11)
  2 shadows
  A vampire (D:10)
  A yak (D:10)
  2 wyverns
  4 vampire mosquitoes (D:10)
  An acid dragon (D:9)
  A water moccasin (D:8)
  An ice beast (D:8)
  2 black bears (D:6)
  An orc warrior (D:9)
  2 ogres
  4 centaurs
  2 lemures (D:8)
  5 bullfrogs
  3 kobold brigands
  2 gnoll sergeants
  A scorpion (D:4)
  4 killer bees (D:8)
  3 howler monkeys
  3 hounds
  A gnoll bouda (D:10)
  5 jellies
  4 orc priests
  An iguana (D:6)
  3 sleepcaps
  2 orc wizards
  8 adders
  10 gnolls
  2 shadow imps
  A white imp (D:6)
  An ufetubus (D:7)
  3 worms
  2 dart slugs (D:4)
  22 orcs
  7 bats
  5 endoplasms
  A giant cockroach (D:3)
  4 goblins
  7 hobgoblins
  A jackal (D:2)
  2 quokkas
  7 ball pythons
  4 frilled lizards
  18 kobolds
  5 rats
  A spectral kobold (D:3)
183 creatures vanquished.

Notes
Turn   | Place    | Note
-------+----------+-------------------------------------------
     0 | D:1      | Esekla the Barachi Wanderer began the quest for the Orb.
     0 | D:1      | Esekla set off with the following items: a +3 spear, a
                  | potion of curing, a +0 robe; and the following spells
                  | available to memorise: Blink, Momentum Strike.
     0 | D:1      | Reached XP level 1. HP: 17/17 MP: 3/3
   195 | D:1      | Reached XP level 2. HP: 23/23 MP: 5/5
   198 | D:1      | Learned a level 2 spell: Blink
   678 | D:2      | Found a broken altar of Ashenzari.
   690 | D:2      | Became a worshipper of Ashenzari the Shackled
  1051 | D:2      | Reached XP level 3. HP: 28/28 MP: 7/7
  1460 | D:2      | Identified the +4 trident "Otounemefo" {holy, Int+2}
  1766 | D:3      | Found a faded altar of an unknown god.
  1836 | D:3      | Noticed an ogre
  1846 | D:3      | Killed an ogre
  1847 | D:3      | Reached skill level 1 in Dodging
  1847 | D:3      | Reached XP level 4. HP: 6/36 MP: 8/8
  1847 | D:3      | Reached XP level 5. HP: 7/41 MP: 9/9
  2014 | D:3      | Reached * piety under Ashenzari
  2376 | D:3      | Noticed a kobold brigand
  2391 | D:3      | Killed a kobold brigand
  2392 | D:3      | Reached XP level 6. HP: 34/49 MP: 11/11
  2841 | D:3      | Found a glowing golden altar of the Shining One.
  2869 | D:3      | Reached ** piety under Ashenzari
  3112 | D:4      | Found Kuchyorgh's Book Shop.
  3264 | D:4      | Found a staircase to the Ecumenical Temple.
  3270 | Temple   | Entered the Ecumenical Temple
  3466 | D:4      | Found a hazy altar of Hepliaklqana.
  3777 | D:5      | Entered Level 5 of the Dungeon
  3811 | D:5      | Found a blossoming altar of Fedhas.
  3959 | D:5      | Reached XP level 7. HP: 47/57 MP: 12/12
  4019 | D:5      | Noticed Edmund
  4088 | D:4      | Found an ornate altar of the Wu Jian Council.
  4088 | D:4      | Found a sparkling altar of Nemelex Xobeh.
  4149 | D:5      | Learned a level 2 spell: Searing Ray
  4931 | D:4      | Reached skill level 1 in Conjurations
  5232 | D:5      | Reached skill level 5 in Fighting
  5341 | D:4      | Bought a book of Cantrips for 144 gold pieces
  5343 | D:4      | Learned a level 1 spell: Apportation
  6139 | D:6      | Found a bloodstained altar of Trog.
  6269 | D:6      | Reached skill level 1 in Throwing
  6275 | D:6      | Reached skill level 1 in Shields
  6275 | D:6      | Reached XP level 8. HP: 42/65 MP: 14/14
  6542 | D:6      | Found a burning altar of Makhleb.
  6760 | D:6      | Reached skill level 5 in Polearms
  7240 | D:6      | Found Xyc Ylau's Distillery.
  7981 | D:7      | Noticed a wyvern
  7995 | D:7      | Killed a wyvern
  8011 | D:7      | Identified the cursed +2 pair of boots "Seeker of
                  | Ashenzari" {Melee, Elem} (You found it on level 2 of the
                  | Dungeon)
  8011 | D:7      | Identified the cursed +0 robe of the Tethered Planets
                  | {Self, Evo}
  8035 | D:7      | Reached XP level 9. HP: 64/73 MP: 15/15
  8208 | D:7      | Noticed Prince Ribbit
  8322 | D:7      | Killed Prince Ribbit
  8512 | D:8      | Found a stormy altar of Qazlal.
  8701 | D:8      | Found a hide-covered altar of Uskayaw.
  8710 | D:8      | Found a sacrificial altar of Ru.
  9330 | D:8      | Found a staircase to the Lair.
  9330 | D:8      | Noticed a komodo dragon
  9358 | D:8      | Killed a komodo dragon
  9908 | D:9      | Noticed a two-headed ogre
  9937 | D:9      | Noticed Pikel
  9989 | Lair:1   | Entered Level 1 of the Lair of Beasts
  9989 | Lair:1   | Noticed an oklob plant
 10061 | D:8      | Killed Pikel
 10062 | D:8      | Reached skill level 5 in Conjurations
 10062 | D:8      | Reached XP level 10. HP: 45/80 MP: 14/14
 10493 | D:9      | Noticed Psyche
 10861 | D:9      | Found an iron altar of Okawaru.
 10875 | D:9      | Killed a two-headed ogre
 10876 | D:9      | Reached skill level 5 in Shields
 11371 | D:9      | Killed Psyche
 11550 | D:10     | Entered Level 10 of the Dungeon
 11770 | D:10     | Found a white marble altar of Elyvilon.
 12286 | D:10     | Killed an unseen horror
 12498 | D:10     | Found an ancient bone altar of Kikubaaqudgha.
 12499 | D:10     | Found a radiant altar of Vehumet.
 12500 | D:10     | Found a shimmering blue altar of Sif Muna.
 12500 | D:10     | Identified Kikubaaqudgha's Quarto of Cadavers
 12866 | D:10     | Reached skill level 5 in Dodging
 13103 | D:11     | Reached XP level 11. HP: 30/89 MP: 15/15
 13291 | D:11     | Noticed a two-headed ogre
 13307 | D:11     | Killed a two-headed ogre
 13524 | D:11     | Noticed a manticore
 13542 | D:11     | Killed a manticore
 14087 | D:11     | Noticed a two-headed ogre
 14102 | D:11     | Killed a two-headed ogre
 14412 | D:11     | Learned a level 3 spell: Vhi's Electric Charge
 14466 | D:11     | HP: 1/90 [troll (9)]
 14466 | D:11     | Slain by a troll

Illustrated notes

Levels and vault maps discovered:
D:1:      lemuel_arrival_broad_hall, layout_loops_ring, nicolae_wormholes
D:2:      layout_basic, basic_altar, nrook_loot_triangle,
          small_statue_intersection, eino_curves_03, st_stairs_1,
          dk_noncrumbling_2, dk_noncrumbling_4
D:3:      layout_loops_cross, lemuel_tele_altar,
          dreamdust_ecumenical_altar_drowned_temple, minmay_pentangle
D:4:      layout_loops_ring, nicolae_overflow_hidden_temple,
          minmay_temple_entry_fiery, serial_shops, shop
D:5:      layout_cave_pods, fedhas_altar_2, uniq_edmund
D:6:      minmay_octagon_keep, layout_basic, mainiacjoe_overflow_cross_hatched,
          marbit_many_paths, serial_shops, shop
D:7:      layout_cave_pools, uniq_prince_ribbit1
D:8:      layout_cave_pools, mainiacjoe_overflow_catwalk_spiral,
          amcnicky_altar_gilded, david_lair_shrubbed, nicolae_figureground_pulse
D:9:      layout_roguey, mainiacjoe_overflow_chevrons,
          hangedman_decor_clover_reticule, minmay_holes, uniq_pikel, uniq_psyche
D:10:     layout_basic, grunt_temple_overflow_magic_moments,
          mainiacjoe_overflow_catwalk
D:11:     layout_roguey
Temple:   nicolae_temple_great_sept
Lair:1:   layout_roguey, gammafunk_ghost_hydra_chop, uniq_gastronok

Skill      XL: |  1  2  3  4  5  6  7  8  9 10 11 |
---------------+----------------------------------+-----
Fighting       | 3 4 5 6 7 9 |  9.6
Polearms       | 3 4 5 7 8 9 |  9.7
Dodging        | 1 2 3 4 5 |  5.5
Translocations | 2 3 4 |  4.0
Stealth        | 2 3 4 |  4.1
Spellcasting   | 3 |  3.1
Conjurations   | 1 3 5 6 |  6.8
Throwing       | 1 2 3 |  3.5
Shields        | 1 2 4 5 |  5.4
Armour         | |  2.6

Action                     |  1- 3 |  4- 6 |  7- 9 | 10-12 || total
---------------------------+-------+-------+-------+-------++-------
  Melee: Spear             |    97 |       |       |       ||    97
         Trident           |    16 |   131 |   359 |   206 ||   712
         Dagger            |     1 |     1 |       |       ||     2
         Punch             |       |     1 |       |       ||     1
  Throw: Dart              |     1 |     5 |    23 |     4 ||    33
         Boomerang         |       |       |    23 |     2 ||    25
   Cast: Blink             |       |     2 |     2 |     1 ||     5
         Apportation       |       |       |     2 |     1 ||     3
         Searing Ray       |       |       |     1 |     2 ||     3
         Vhi's Electric Ch |       |       |       |     1 ||     1
 Invoke: Curse Item        |     1 |     2 |       |     1 ||     4
         Shatter the Chain |       |       |     1 |       ||     1
Ability: Hop               |       |       |     6 |     1 ||     7
    Use: Scroll            |       |       |     4 |     1 ||     5
         Potion            |       |       |     5 |     4 ||     9
   Stab: Sleeping          |     1 |     3 |     6 |     4 ||    14
 Armour: Robe              |    21 |    35 |    64 |    48 ||   168
         Skin              |       |       |    68 |    14 ||    82
  Dodge: Dodged            |    44 |    57 |   168 |   115 ||   384
  Block: Buckler           |       |       |    50 |    37 ||    87
